 Dungeon Crawl Stone Soup version 0.21.1-1-g345015f (webtiles) character file.

84 nicolaieve the Chopper (level 4, -7/58 HPs)
             Began as a Minotaur Berserker on July 16, 2018.
             Was a Believer of Trog.
             Killed by divine providence
             ... invoked by an orc priest
              (11 damage)
             ... on level 3 of the Dungeon.
             The game lasted 00:06:40 (1465 turns).

nicolaieve the Chopper (Minotaur Berserker)         Turns: 1465, Time: 00:06:41

Health: -7/58      AC:  5    Str: 28    XL:     4   Next: 23%
Magic:  3/3        EV: 11    Int:  4    God:    Trog [**....]
Gold:   124        SH:  0    Dex:  9    Spells: 3/3 levels left

rFire    . . .     SeeInvis .   a - +0 hand axe
rCold    . . .     Gourm    .   (no shield)
rNeg     . . .     Faith    .   n - +0 ring mail
rPois    .         Spirit   .   (helmet restricted)
rElec    .         Reflect  .   (no cloak)
rCorr    .         Harm     .   (no gloves)
MR       ++...                  (no boots)
Stlth    ..........             (no amulet)
HPRegen  1.19/turn              (no ring)
MPRegen  0.08/turn              (no ring)

@: berserking, starving, regenerating, very quick
A: retaliatory headbutt, horns 2
a: Berserk, Trog's Hand, Burn Spellbooks, Renounce Religion


You were on level 3 of the Dungeon.
You worshipped Trog.
Trog was pleased with you.
You were starving.

You visited 1 branch of the dungeon, and saw 3 of its levels.

You collected 124 gold pieces.

Inventory:

Hand Weapons
 a - a +0 hand axe (weapon)
Armour
 b - a +0 animal skin
 n - a +0 ring mail (worn)
Jewellery
 o - an uncursed ring of stealth {unknown}
Scrolls
 d - a scroll of blinking {unknown}
 e - 2 scrolls of fear {unknown}
 f - 2 scrolls of teleportation {unknown}
 g - a scroll of immolation {unknown}
 h - 5 scrolls of identify {unknown}
 k - a scroll of random uselessness {unknown}
 m - 2 scrolls of remove curse {unknown}
Potions
 i - a potion of degeneration {unknown}
 j - 3 potions of curing {unknown}
 p - a potion of haste {unknown}
 q - a potion of might {unknown}
Comestibles
 c - 4 rations


   Skills:
 - Level 3.6 Fighting
 + Level 6.2 Axes
 - Level 2.4 Armour
 - Level 2.1 Dodging


You had 3 spell levels left.
You didn't know any spells.

Dungeon Overview and Level Annotations

Branches:
Dungeon (3/15)

Altars:


Innate Abilities, Weirdness & Mutations

You reflexively headbutt those who attack you in melee.
You have a pair of horns on your head.


Message History

* * * LOW HITPOINT WARNING * * *
The giant cockroach barely misses you.
You hear a shout!
Your skin crawls.
You feel resistant to hostile enchantments.
You feel somewhat more hungry. The bat hits you but does no damage.
The giant cockroach bites you but does no damage.
The orc priest hits you from afar with a trident.
* * * LOW HITPOINT WARNING * * *
An orc priest comes into view. It is wielding a trident.
A red film seems to cover your vision as you go berserk!
You feel yourself moving faster!
You feel mighty!
You are starving!
The bat barely misses you. The giant cockroach closely misses you.
You furiously retaliate!
You headbutt the giant cockroach.
You kill the giant cockroach!
Trog accepts your kill.
The orc priest invokes the aid of Beogh against you.
Beogh smites you!
You die...

###...##...........)..
..........#.........##.
.#.........#......##.##
.o....................##
.......................#
...............(........
......o...............).
...o..†o..........<.....
....>ob@................
........................
...................#####
...................#
........##...........
.###.##............###
#.. #.###.......## ..#
#.# ##.....##


You could see 2 orc priests, an orc wizard, 2 orcs and a bat.

Vanquished Creatures
  A worker ant (D:3)
  An adder (D:2)
  A worm (D:2)
  A dart slug (D:1)
  A leopard gecko (D:1)
  An orc (D:2)
  5 bats
  4 giant cockroaches
  4 hobgoblins
  4 jackals (D:1)
  A kobold (D:3)
  A ball python (D:1)
  A frilled lizard (D:2)
  9 goblins
  4 rats
39 creatures vanquished.

Notes
Turn   | Place    | Note
-------+----------+-------------------------------------------
     0 | D:1      | nicolaieve the Minotaur Berserker began the quest for the Orb.
     0 | D:1      | Reached XP level 1. HP: 19/19 MP: 0/0
    99 | D:1      | Reached skill level 4 in Axes
   121 | D:1      | Reached XP level 2. HP: 4/26 MP: 1/1
   730 | D:2      | Reached skill level 5 in Axes
   771 | D:2      | Reached XP level 3. HP: 20/31 MP: 2/2
   785 | D:2      | Reached ** piety under Trog
  1429 | D:3      | Reached skill level 6 in Axes
  1429 | D:3      | Reached XP level 4. HP: 27/39 MP: 3/3
  1465 | D:3      | Killed from afar by an orc priest

Skill      XL: |  1  2  3 |
---------------+----------+-----
Axes           | 4 5 6 |  6.2
Fighting       | |  3.6
Armour         | |  2.4
Dodging        | |  2.1

Action                   |  1- 3 |  4- 6 || total
-------------------------+-------+-------++-------
Melee: Hand axe          |    70 |     8 ||    78
       Headbutt          |     7 |     2 ||     9
Invok: Berserk           |       |     1 ||     1
       Trog's Hand       |       |     1 ||     1
  Eat: Chunk             |     1 |       ||     1
Armor: Animal skin       |     3 |       ||     3
       Ring mail         |    11 |    13 ||    24
Dodge: Dodged            |    54 |    10 ||    64
